 Dungeon Crawl Stone Soup version 0.30-a0-760-g5a9884bb7c (webtiles) character file.

Game seed: 17639792662265850232

544 kingofthe the Sneak (level 7, -1/41 HPs)
             Began as an Octopode Fire Elementalist on Feb 12, 2023.
             Killed from afar by Duvessa (7 damage)
             ... with a puff of flame
             ... on level 4 of the Dungeon.
             The game lasted 00:13:43 (4601 turns).

kingofthe the Sneak (Octopode Fire Elementalist)    Turns: 4601, Time: 00:13:43

Health: -1/41      AC:  1    Str:  8    XL:     7   Next: 27%
Magic:  1/13       EV: 19    Int: 17    God:
Gold:   336        SH:  3    Dex: 14    Spells: 11/14 levels left

rFire   . . .      SeeInvis .    a - staff of conjuration
rCold   . . .      Faith    .    v - +0 buckler
rNeg    . . .      Spirit   .    (helmet restricted)
rPois   .          Reflect  .    (no amulet)
rElec   .          Harm     .    f - +5 ring of evasion
rCorr   .          Rampage  .    (no ring)
Will    .....                    (no ring)
Stlth   ++++                     (no ring)
HPRegen 0.26/turn                (no ring)
MPRegen 0.13/turn                (no ring)
                                 (no ring)
                                 (no ring)

@: no status effects
A: almost no armour, amphibious, 8 rings, camouflage 1, gelatinous body 1,
(nimble swimmer 1), tentacles
a: no special abilities


You were on level 4 of the Dungeon.
You visited 1 branch of the dungeon, and saw 5 of its levels.

You collected 336 gold pieces.

Inventory:

Hand Weapons
 b - a +0 vampiric short sword
 r - a +1 heavy falchion
Armour
 v - a +0 buckler (worn)
Magical Staves
 a - a staff of conjuration (weapon)
Jewellery
 f - a +5 ring of evasion (left tentacle)
Wands
 w - a wand of iceblast (4)
Scrolls
 e - a scroll of magic mapping {unknown}
 h - 3 scrolls of teleportation {unknown}
 i - a scroll of fear {unknown}
 j - a scroll of poison {unknown}
 k - 3 scrolls of noise {unknown}
 m - 3 scrolls of identify {unknown}
 s - 2 scrolls of enchant armour {unknown}
 u - a scroll of enchant weapon {unknown}
 y - 3 scrolls of blinking {unknown}
 A - a scroll of summoning {unknown}
Potions
 c - 2 potions of ambrosia {unknown}
 d - 3 potions of mutation {unknown}
 g - a potion of invisibility {unknown}
 l - 2 potions of degeneration {unknown}
 n - 2 potions of haste {unknown}
 o - a potion of curing {unknown}
 p - 2 potions of attraction {unknown}
 q - a potion of lignification {unknown}
 t - a potion of heal wounds {unknown}
 x - 2 potions of resistance {unknown}
 z - 2 potions of berserk rage {unknown}
 B - 4 potions of magic


   Skills:
 * Level 4.1 Dodging
 + Level 4.6 Stealth
 * Level 4.0 Spellcasting
 * Level 3.2 Conjurations
 * Level 4.3 Fire Magic


You had 11 spell levels left.
You knew the following spells:

 Your Spells              Type           Power      Damage    Failure   Level
a - Foxfire               Conj/Fire      96%        2x1d8     4%          1
b - Scorch                Fire           36%        2d6       5%          2

Your spell library contained the following spells:

 Spells                   Type           Power      Damage    Failure   Level
 Inner Flame              Hex/Fire       10%        N/A       26%         3
 Kindle Blastsparks       Fire/Tloc/Air  16%        2d11      34%         3
 Flame Wave               Conj/Fire      24%        2d8       41%         4


Dungeon Overview and Level Annotations

Branches:
Dungeon (5/15)
 Temple: D:4-7

Altars:

Annotations:
D:4 Dowan, Duvessa


Innate Abilities, Weirdness & Mutations

You cannot wear most types of armour.
You are amphibious.
You can wear up to eight rings at the same time.
Your skin changes colour to match your surroundings (Stealth+).
Your rubbery body absorbs attacks. (AC +1, EV +1)
((You are camouflaged when in or above water. (Stealth+)))
You have tentacles for arms and can constrict up to eight enemies at once.


Message History

The foxfire hits Duvessa but does no damage.
Duvessa is heavily wounded.
Your foxfire dissipates!
Duvessa attacks as you move away! Duvessa completely misses you.
The foxfire hits Duvessa.
Duvessa is severely wounded.
The foxfire hits Duvessa but does no damage.
Duvessa is severely wounded.
Casting: Foxfire (safe; 4% risk of failure)
Confirm with . or Enter, or press ? or * to list all spells.
You feel a surge of power!
You conjure some foxfire!
Duvessa barely misses you. Dowan completely misses you.
Duvessa zaps a wand.
The puff of flame misses you. The puff of flame hits your foxfire.
Your foxfire completely resists.
Casting: Foxfire (safe; 4% risk of failure)
Confirm with . or Enter, or press ? or * to list all spells.
Flames lash Dowan.
Dowan is moderately wounded.
Dowan's fire resistance burns away.
The foxfire hits Duvessa.
Duvessa is almost dead.
The foxfire hits Duvessa but does no damage.
Duvessa is almost dead.
You block Dowan's attack.
Duvessa hits you with a +6 short sword of speed!
* * * LOW HITPOINT WARNING * * *
Casting: Scorch (safe; 5% risk of failure)
Confirm with . or Enter, or press ? or * to list all spells.
Flames lash Duvessa.
Duvessa is almost dead.
Duvessa's fire resistance burns away.
Dowan hits you with a +0 dagger!
* * * LOW HITPOINT WARNING * * *
You block Duvessa's attack.
Casting: Scorch (safe; 5% risk of failure)
Confirm with . or Enter, or press ? or * to list all spells.
You don't have enough magic to cast this spell.
Casting: Scorch (safe; 5% risk of failure)
Confirm with . or Enter, or press ? or * to list all spells.
You feel a surge of power!
You conjure some foxfire!
Duvessa zaps a wand.
The puff of flame hits you!
You die...

###.#...................##.....##
#.........###.#................
###.#.#......##.#.###.#.##.......
.............................#...
....#.#....#.##.#.#####.#....#...
###.#.#....#............#........
..#........#.....................
###.#.#....#...v.e...........####
....#.#.........@e..........e# #
###..............v.......... #
......######............#### #
......# #............# ####
.....## #####........# #...
.....######## #.........#####...
###.......... ..................
##.######### ###.###....## #...#
##......# # #...#


You could see Duvessa (combustible, ally target) and Dowan (combustible, ally
target).

Vanquished Creatures
  2 ogres
  A gnoll bouda (D:4)
  Jessica (D:3)
  An iguana (D:3)
  2 orc wizards (D:4)
  8 gnolls
  6 adders
  An ufetubus (D:4)
  4 worms
  3 dart slugs (D:1)
  8 orcs
  9 ball pythons
  5 bats
  10 endoplasms
  4 giant cockroaches
  7 goblins
  4 hobgoblins (D:1)
  6 jackals
  6 kobolds
  3 quokkas
  3 frilled lizards
  5 rats
99 creatures vanquished.

Vanquished Creatures (others)
  364 foxfires
364 creatures vanquished.

Grand Total: 463 creatures vanquished

Notes
Turn   | Place    | Note
-------+----------+-------------------------------------------
     0 | D:1      | kingofthe the Octopode Fire Elementalist began the quest
                  | for the Orb.
     0 | D:1      | Reached XP level 1. HP: 11/11 MP: 3/3
   139 | D:1      | Reached XP level 2. HP: 17/17 MP: 1/5
   388 | D:1      | Reached XP level 3. HP: 21/21 MP: 2/6
  1454 | D:2      | Reached XP level 4. HP: 27/27 MP: 1/8
  1458 | D:2      | Learned a level 2 spell: Scorch
  1792 | D:2      | Found a faded altar of an unknown god.
  2361 | D:3      | Noticed Jessica
  2367 | D:3      | Killed Jessica
  2373 | D:3      | Reached XP level 5. HP: 31/31 MP: 1/9
  2490 | D:3      | Noticed an ogre
  2613 | D:3      | Killed an ogre
  2773 | D:3      | Reached XP level 6. HP: 36/36 MP: 4/11
  3588 | D:3      | You fall into a shaft and drop 2 floors!
  3588 | D:5      | Entered Level 5 of the Dungeon
  4049 | D:4      | Noticed Duvessa
  4104 | D:4      | Reached XP level 7. HP: 41/41 MP: 5/12
  4584 | D:4      | Noticed Dowan
  4601 | D:4      | Killed from afar by Duvessa

Illustrated notes

Levels and vault maps discovered:
D:1:      nicolae_arrival_somewhat_less_tricky_arrival, layout_rooms,
          minivault_23, minmay_tromino_v7
D:2:      layout_basic, hellmonk_ecumenical_altar_lost_god
D:3:      layout_basic, hex_tiny, minmay_randomly_rotated_circles, uniq_jessica
D:4:      layout_basic, uniq_duvessa
D:5:      layout_gridville, uniq_menkaure

Skill      XL: |  1  2  3  4  5  6  7 |
---------------+----------------------+-----
Stealth        | 3 4 |  4.6
Dodging        | 3 4 |  4.1
Spellcasting   | 3 4 |  4.0
Conjurations   | 2 3 |  3.2
Fire Magic     | 4 |  4.3

Action                     |  1- 3 |  4- 6 |  7- 9 || total
---------------------------+-------+-------+-------++-------
  Melee: Unarmed           |    15 |     2 |       ||    17
         Constrict         |     6 |     4 |     2 ||    12
         Tentacles         |     5 |       |     2 ||     7
         Falchion          |       |     5 |     4 ||     9
   Cast: Foxfire           |    69 |   116 |    32 ||   217
         Scorch            |       |    15 |     3 ||    18
 Armour: Skin              |     2 |       |       ||     2
  Dodge: Dodged            |    14 |    33 |    17 ||    64
  Block: Buckler           |       |     2 |     2 ||     4

Table legend: (Time is in decaauts)
 A = Elapsed time spent in this place.
 B = Non-inter-level travel time spent in this place.
 C = Inter-level travel time spent in this place.
 D = Time resting spent in this place.
 E = Time spent auto-exploring this place.
 F = Levels seen in this place.
 G = Mean time per level.
                   A        B        C        D        E       F      G
               +--------+--------+--------+--------+--------+-----+--------+
         Total |   4607 |   4526 |     81 |    688 |   3047 |   5 |  921.4 |
       Dungeon |   4607 |   4526 |     81 |    688 |   3047 |   5 |  921.4 |
               +--------+--------+--------+--------+--------+-----+--------+

Top non-repeatable levels by time:
     D:3: 1351 daAuts
     D:2: 1186 daAuts
     D:1: 1050 daAuts
     D:4: 838 daAuts
     D:5: 180 daAuts
